Map: Ephemeron LE

Players

SortOf - Winner!

  • Race: Zerg Zerg
  • Spawn Location: 5:00

Creature

  • Race: Protoss Protoss
  • Spawn Location: 11:00

VOD

Have the link to the VOD?

Description

Time

  • Played on: Sept. 6, 2019, 12:49 p.m.
  • Length: 10:19
Show
View Real Time Build Order
Export as new Build Order

SortOf Zerg - Winner!

Build Orders: Hatch First, Swarm Host 

Get SALT Encoding   

  12  0:00  Drone  
  13  0:12  Overlord  
  13  0:18  Drone  
  14  0:32  Drone x2  
  16  0:48  Hatchery  
  15  0:52  Drone  
  15  0:55  Drone  
  17  0:58  Drone  
  18  1:10  Extractor  
  17  1:13  Spawning Pool  
  17  1:17  Drone  
  17  1:20  Drone  
  18  1:27  Drone  
  19  1:38  Drone  
  20  1:49  Overlord  
  20  2:00  Queen x2  
  24  2:05  Zergling x2  
  24  2:07  Drone  
  26  2:10  Metabolic Boost  
  26  2:13  Drone x2  
  28  2:23  Drone x2  
  30  2:36  Hatchery  
  29  2:42  Drone x2  
  31  2:44  Pneumatized Carapace  
  31  2:48  Zergling x2  
  31  2:49  Zergling x2  
  33  2:54  Overlord  
  33  2:58  Drone  
  34  3:04  Drone  
  35  3:11  Queen  
  37  3:13  Drone  
  37  3:15  Overlord  
  37  3:16  Drone x2  
  37  3:19  Drone  
  41  3:21  Drone  
  42  3:27  Lair  
  42  3:33  Drone x2  
  44  3:39  Drone x2  
  46  3:42  Drone  
  46  3:43  Drone x2  
  49  3:49  Queen  
  49  3:52  Roach Warren  
  50  3:56  Zergling x4  
  50  3:57  Zergling x2  
  50  4:02  Extractor  
  52  4:04  Drone x2  
  52  4:05  Drone  
  55  4:11  Spore Crawler  
  55  4:12  Drone  
  55  4:14  Drone, Queen  
  58  4:22  Overlord  
  58  4:24  Spore Crawler, Overseer  
  57  4:30  Overlord  
  57  4:31  Zergling x4  
  57  4:41  Drone x2  
  57  4:42  Drone x2  
  57  4:45  Extractor, Roach x2  
  64  4:52  Overlord  
  64  4:54  Overseer  
  64  4:55  Roach x4  
  64  4:58  Drone  
  73  5:01  Overlord  
  72  5:09  Zergling x6  
  73  5:14  Zergling x6  
  73  5:15  Drone x5  
  73  5:18  Drone  
  81  5:24  Drone  
  81  5:27  Overlord  
  82  5:31  Overlord  
  82  5:32  Overlord  
  82  5:35  Glial Reconstitution  
  82  5:37  Overlord  
  82  5:38  Extractor  
  82  5:40  Overlord x2  
  81  5:47  Drone x6  
  81  5:49  Roach  
  89  5:56  Roach x3  
  92  5:58  Drone x2  
  92  6:02  Roach x2  
  92  6:03  Extractor  
  97  6:07  Roach x2  
  101  6:12  Drone x4  
  101  6:16  Overlord  
  105  6:23  Roach x2  
  109  6:32  Roach x8  
  124  6:42  Roach x3  
  124  6:44  Overlord x2  
  130  6:52  Infestation Pit, Extractor  
  130  6:53  Drone x3  
  131  7:05  Drone x7  
  138  7:08  Overlord  
  138  7:12  Overlord  
  138  7:19  Hatchery  
  137  7:24  Roach x5  
  147  7:31  Swarm Host x2  
  147  7:36  Nydus Network  
  152  7:41  Swarm Host x6  
  170  7:45  Queen  
  170  7:55  Swarm Host  
  170  7:58  Overlord  
  170  8:00  Overlord  
  170  8:05  Overlord  
  170  8:08  Overlord  
  170  8:09  Overlord  
  170  8:13  Overlord  
  170  8:14  Baneling Nest  
  170  8:16  Nydus Canal, Overlord x2  
  170  8:17  Overseer  
  170  8:18  Swarm Host x4  
  181  8:24  Swarm Host x2  
  187  8:33  Evolution Chamber  
  186  8:36  Evolution Chamber  
  186  8:38  Swarm Host x4  
  196  8:43  Nydus Canal  
  196  8:50  Swarm Host  
  196  8:52  Overlord  
  199  8:57  Nydus Canal  
  197  9:07  Ravager  
  197  9:08  Ravager  
  199  9:12  Extractor  
  198  9:20  Zergling x8  
  200  9:26  Overlord  
  200  9:28  Nydus Canal  
  182  9:40  Roach  
  182  9:41  Roach x9  
  182  9:43  Roach  
  182  9:44  Roach x2  
  196  9:49  Roach  
  196  9:50  Roach x8  
  197  9:54  Roach x2  
  197  9:55  Overlord  
Show
View Real Time Build Order
Export as new Build Order

Creature Protoss 

Build Orders: 1 Gate Expand, Archon Immortal, Archon Drop, Dark Templar Rush 

Get SALT Encoding   

  12  0:00  Probe  
  13  0:13  Probe  
  14  0:18  Pylon  
  14  0:25  Probe  
  15  0:29  Assimilator  
  15  0:37  Probe  
  16  0:44  Gateway  
  16  0:45  Probe  
  17  0:53  Probe  
  17  1:03  Probe  
  19  1:15  Probe  
  20  1:26  Nexus  
  20  1:36  Cybernetics Core  
  20  1:39  Probe  
  21  1:46  Assimilator  
  21  1:51  Pylon  
  21  1:54  Probe  
  22  2:03  Adept  
  22  2:06  Probe  
  23  2:13  Warp Gate  
  25  2:18  Twilight Council  
  25  2:21  Probe  
  26  2:31  Robotics Facility  
  26  2:35  Probe  
  27  2:38  Probe  
  28  2:46  Probe  
  28  2:48  Probe  
  30  2:54  Probe  
  30  2:55  Dark Shrine  
  31  3:04  Gateway, Probe  
  32  3:07  Probe  
  32  3:08  Warp Prism  
  35  3:20  Probe  
  35  3:22  Probe  
  37  3:30  Gateway  
  37  3:32  Probe  
  38  3:34  Probe  
  38  3:40  Gateway  
  39  3:44  Pylon  
  39  3:45  Probe x2  
  40  3:53  Probe  
  40  3:54  Pylon  
  41  3:58  Probe  
  43  4:03  Probe  
  43  4:08  Dark Templar x2  
  48  4:10  Probe  
  48  4:12  Assimilator  
  48  4:14  Assimilator  
  48  4:15  Probe  
  50  4:22  Probe  
  51  4:31  Probe  
  52  4:36  Probe  
  53  4:44  Probe  
  54  4:48  Pylon  
  54  4:49  Dark Templar  
  54  4:52  Charge  
  56  4:53  Stalker  
  56  4:57  Pylon, Probe  
  59  5:04  Forge  
  59  5:06  Immortal  
  59  5:12  Protoss Ground Weapons Level 1  
  59  5:14  Archon  
  57  5:18  Probe  
  62  5:26  Dark Templar  
  62  5:27  Dark Templar  
  62  5:28  Probe  
  67  5:36  Gateway  
  67  5:38  Gateway  
  67  5:39  Gateway  
  67  5:40  Pylon, Archon  
  67  5:42  Gateway  
  67  5:44  Gateway  
  67  5:51  Nexus  
  67  5:53  Zealot  
  69  6:01  Sentry x2  
  69  6:02  Sentry  
  69  6:03  Immortal  
  75  6:05  Pylon  
  75  6:06  Probe  
  76  6:12  Pylon  
  80  6:25  Dark Templar x2  
  84  6:30  Archon  
  84  6:32  Probe  
  85  6:38  Pylon  
  85  6:44  Probe  
  85  6:45  Probe  
  87  6:50  Immortal  
  91  6:56  Probe  
  91  6:57  Assimilator  
  91  7:00  Assimilator  
  92  7:03  Probe, Protoss Ground Weapons Level 2  
  92  7:08  Probe  
  94  7:09  Probe  
  95  7:15  Probe  
  95  7:20  Probe  
  95  7:21  Probe  
  98  7:28  Probe x2  
  98  7:29  Probe  
  99  7:31  Immortal  
  99  7:36  Probe  
  105  7:37  Probe  
  105  7:38  Templar Archives  
  105  7:40  Probe  
  108  7:47  Probe  
  109  7:57  Zealot x2  
  109  7:58  Zealot x7  
  119  8:01  Immortal  
  119  8:12  Robotics Facility  
  123  8:13  Psionic Storm  
  123  8:16  Shield Battery  
  123  8:17  Photon Cannon  
  123  8:24  High Templar  
  125  8:27  Pylon  
  125  8:29  Nexus  
  125  8:30  Pylon  
  125  8:33  Pylon  
  124  8:47  Zealot x2  
  126  8:49  High Templar x6  
  126  8:54  Immortal  
  140  9:04  Immortal  
  146  9:11  Pylon, Zealot  
  146  9:13  Pylon  
  148  9:18  Pylon  
  148  9:20  Pylon  
  148  9:26  Nexus  
  138  9:40  Archon x2  
  138  9:41  Archon  
  138  9:43  Zealot x7  
  138  9:44  Pylon, Zealot x2  
  98  10:14  Zealot x8  
  98  10:15  Zealot  
Tags
 
Add a new tag
Caveats
  • Supply blocks, unpowered buildings, or Contaminate may cause inaccurate times.
  • Supply counts are checked every 10 seconds.